 Dungeon Crawl Stone Soup version 0.31-a0-175-g9f7f995f2b (webtiles) character file.

Game seed: 10839896602847793869

65 qw the Shooter (level 4, -1/39 HPs)
             Began as a Naga Hunter on June 16, 2023.
             Slain by an orc
             ... wielding a +0 short sword
              (2 damage)
             ... on level 3 of the Dungeon.
             The game lasted 00:00:33 (1168 turns).

qw the Shooter (Naga Hunter)                        Turns: 1168, Time: 00:00:34

Health: -1/39      AC:  2    Str: 13    XL:     4   Next: 13%
Magic:  4/4        EV:  9    Int:  9    God:
Gold:   36         SH:  0    Dex: 17    Spells: 3/3 levels left

rFire   . . .        Y - +0 shortbow
rCold   + . .        (shield currently unavailable)
rNeg    + . .        c - +0 leather armour
rPois   +            (no helmet)
rElec   .            (no cloak)
rCorr   .            (no gloves)
SInv    +            (no barding)
Will    .....        (no amulet)
Stlth   ++           i - ring of protection from cold
HPRegen 0.26/turn    b - ring of positive energy
MPRegen 0.09/turn

%: no passive effects
@: about to teleport, very slow
A: AC +1, large, see invisible, deformed body, poison resistance, slowness 2,
spit poison 1, naga tail 1
a: Spit Poison


You were on level 3 of the Dungeon.
You visited 1 branch of the dungeon, and saw 3 of its levels.

You collected 36 gold pieces.


Innate Abilities, Weirdness & Mutations

Your serpentine skin is tough. (AC +1)
You have supernaturally acute eyesight. (SInv)
Armour fits poorly on your strangely shaped body.
Your system is resistant to poisons. (rPois)
You cover ground very slowly.
You can spit poison.
You have a snake-like lower body.


   Skills:
 + Level 2.2 Fighting
 - Level 5.0 Ranged Weapons
 - Level 1.5 Dodging
 - Level 1.5 Stealth


You had 3 spell levels left.
You didn't know any spells.
Your spell library was empty.

Inventory:

Hand Weapons
 Y - a +0 shortbow (weapon)
Armour
 c - a +0 leather armour (worn)
 d - the +1 leather armour of Lairadul {rPois rN+++}
   (You found it on level 3 of the Dungeon)

   rPois:     It protects you from poison.
   rN:        It renders you almost immune to negative energy.
Jewellery
 b - a ring of positive energy (right hand)
 i - a ring of protection from cold (left hand)
Potions
 e - a potion of cancellation {unknown}
 j - a potion of ambrosia {unknown}
 l - a potion of curing {unknown}

Dungeon Overview and Level Annotations

Branches:
Dungeon (3/15)

Altars:

Annotations:
D:3 Terence


Message History

Terence is lightly wounded.
You shoot an arrow.
The arrow hits Terence but does no damage.
Terence is lightly wounded.
An orc comes into view. It is wielding a +0 short sword.
You shoot an arrow. The arrow barely misses Terence.
The orc shouts!
You have got your breath back.
You hear a shout!
Terence barely misses you. Terence hits you with a +0 falchion!
1163 ||| INVOKING Spit Poison.
Aiming: Spit Poison (1% risk of failure)
Press: ? - help, Shift-Dir - straight line, f/p - Terence You fail to use your ability.
Terence hits you with a +0 falchion!
1164 ||| INVOKING Spit Poison.
Aiming: Spit Poison (1% risk of failure)
Press: ? - help, Shift-Dir - straight line, f/p - Terence The splash of poison hits Terence.
Terence is moderately wounded.
Terence hits you with a +0 falchion!
You shoot an arrow. The arrow closely misses Terence.
An orc comes into view. It is wielding a +0 short sword.
Terence barely misses you.
An orc comes into view. It is wielding a +0 war axe.
You shoot an arrow. The orc shouts!
The arrow hits Terence.
Terence is moderately wounded.
Terence hits you with a +0 falchion.
An orc comes into view.
It is wielding a +2 short sword of venom.
You shoot an arrow. The arrow hits Terence.
Terence is heavily wounded.
You have got your breath back.
Terence hits you with a +0 falchion! The orc closely misses you.
1168 ||| READING scroll of teleportation.
As you read the scroll of teleportation, it crumbles to dust.
You feel strangely unstable. Terence hits you with a +0 falchion.
The orc hits you with a +0 short sword.
You die...

#..... #..#.#
#..#.# #....###
#...... # .#
#..#.##.#.
##...###........
...<..@@o..##.#
#...###.#...#.#
##.####.....o.##
#.............# #
##.####.oo..#.#
#.###..####...##..#
#..................
#.#................
#..##/...........##


You could see Terence and 4 orcs.

Vanquished Creatures
  An adder (D:2)
  A worm (D:3)
  2 dart slugs (D:1)
  8 endoplasms
  A giant cockroach (D:3)
  5 hobgoblins
  2 jackals (D:3)
  3 quokkas
  2 ball pythons (D:2)
  4 bats
  3 frilled lizards
  3 goblins
  6 kobolds
  5 rats
46 creatures vanquished.

Notes
Turn   | Place    | Note
-------+----------+-------------------------------------------
     0 | D:1      | qw the Naga Hunter began the quest for the Orb.
     0 | D:1      | Reached XP level 1. HP: 19/19 MP: 1/1
     0 | D:1      | 0 ||| qw: Version: 0.2-a-29-g511e9b1
     0 | D:1      | 0 ||| qw: Game counter: 5813
     0 | D:1      | 0 ||| qw: Always use a shield: true
     0 | D:1      | 0 ||| qw: God list: Okawaru
     0 | D:1      | 0 ||| qw: Allow faded altars: false
     0 | D:1      | 0 ||| qw: Do Orc after D:15 true
     0 | D:1      | 0 ||| qw: Do second Lair branch before Depths: true
     0 | D:1      | 0 ||| qw: Lair rune preference: random
     0 | D:1      | 0 ||| qw: Plans: Normal
     0 | D:1      | 0 ||| PLANNING D:1-11
    20 | D:1      | 20 ||| INVOKING Spit Poison.
    28 | D:1      | 28 ||| INVOKING Spit Poison.
    67 | D:1      | Reached skill level 4 in Ranged Weapons
    67 | D:1      | Reached XP level 2. HP: 26/26 MP: 2/2
   124 | D:1      | 124 ||| INVOKING Spit Poison.
   187 | D:1      | 187 ||| INVOKING Spit Poison.
   197 | D:1      | 197 ||| INVOKING Spit Poison.
   202 | D:1      | 202 ||| INVOKING Spit Poison.
   236 | D:1      | 236 ||| INVOKING Spit Poison.
   253 | D:1      | 253 ||| INVOKING Spit Poison.
   256 | D:1      | 256 ||| INVOKING Spit Poison.
   262 | D:1      | 262 ||| INVOKING Spit Poison.
   267 | D:1      | 267 ||| INVOKING Spit Poison.
   325 | D:1      | 325 ||| INVOKING Spit Poison.
   326 | D:1      | Reached XP level 3. HP: 32/32 MP: 3/3
   435 | D:1      | 435 ||| INVOKING Spit Poison.
   511 | D:1      | 511 ||| INVOKING Spit Poison.
   605 | D:1      | 605 ||| UPGRADING to ring of protection from cold.
   606 | D:1      | 606 ||| READING 2 scrolls labelled KINUTY YLEUS.
   611 | D:1      | 611 ||| READING 2 scrolls labelled FUNOMETRA BOAF.
   612 | D:1      | 612 ||| READING scroll labelled JOHUCI PURAETT.
   672 | D:1      | 672 ||| READING scroll labelled QIGAUR LAFI.
   673 | D:1      | 673 ||| READING scroll labelled NOIDIM OTYADE.
   674 | D:1      | 674 ||| DROPPING scroll of butterflies.
   675 | D:1      | 675 ||| DROPPING scroll of fear.
   689 | D:2      | 689 ||| INVOKING Spit Poison.
   698 | D:2      | 698 ||| INVOKING Spit Poison.
   703 | D:2      | 703 ||| INVOKING Spit Poison.
   778 | D:2      | 778 ||| INVOKING Spit Poison.
   844 | D:2      | 844 ||| INVOKING Spit Poison.
   847 | D:2      | 847 ||| INVOKING Spit Poison.
   853 | D:2      | 853 ||| INVOKING Spit Poison.
   863 | D:2      | 863 ||| INVOKING Spit Poison.
   906 | D:2      | 906 ||| INVOKING Spit Poison.
   979 | D:2      | 979 ||| UPGRADING to ring of positive energy.
  1001 | D:3      | 1001 ||| INVOKING Spit Poison.
  1007 | D:3      | 1007 ||| INVOKING Spit Poison.
  1115 | D:3      | 1115 ||| INVOKING Spit Poison.
  1120 | D:3      | Reached skill level 5 in Ranged Weapons
  1122 | D:3      | Reached XP level 4. HP: 39/39 MP: 4/4
  1141 | D:3      | 1141 ||| INVOKING Spit Poison.
  1147 | D:3      | 1147 ||| INVOKING Spit Poison.
  1149 | D:3      | Identified the +1 leather armour of Lairadul {rPois rN+++}
  1157 | D:3      | Noticed Terence
  1158 | D:3      | 1158 ||| INVOKING Spit Poison.
  1163 | D:3      | 1163 ||| INVOKING Spit Poison.
  1164 | D:3      | 1164 ||| INVOKING Spit Poison.
  1167 | D:3      | HP: 1/39 [Terence/+0 falchion (10)]
  1168 | D:3      | 1168 ||| READING scroll of teleportation.
  1168 | D:3      | Slain by an orc

Levels and vault maps discovered:
D:1:      saegor_arrival_simple_c, layout_basic
D:2:      layout_rooms
D:3:      layout_loops_ring, nicolae_ru_path_of_blood,
          chequers_serial_rivers_micro_e, minmay_misc_feat_secret_circle,
          minmay_misc_feat_tiny, uniq_terence

Skill      XL: |  1  2  3 |
---------------+----------+-----
Ranged Weapons | 4 5 |  5.0
Fighting       | |  2.2
Dodging        | |  1.5
Stealth        | |  1.5

Action                     |  1- 3 |  4- 6 || total
---------------------------+-------+-------++-------
   Fire: Shortbow          |    79 |    16 ||    95
Ability: Spit Poison       |    26 |     4 ||    30
    Use: Scroll            |     5 |     1 ||     6
 Armour: Leather armour    |     9 |       ||     9
  Dodge: Dodged            |    16 |     4 ||    20

Table legend:
 A = Non-vault XP
 B = Vault XP
 C = Vault XP percentage of total XP
 D = Non-vault monster count
 E = Vault monster count
 F = Vault count percentage of total count
                 A         B        C        D         E       F
            +---------+---------+-------+---------+---------+-------
      Total |      93 |       0 |   0.0 |      46 |       0 |   0.0
            +---------+---------+-------+---------+---------+-------
        D:1 |      42 |       0 |   0.0 |      24 |       0 |   0.0
        D:2 |      27 |       0 |   0.0 |      10 |       0 |   0.0
        D:3 |      24 |       0 |   0.0 |      12 |       0 |   0.0
            +---------+---------+-------+---------+---------+-------
